[Event "January 9 Late 2024"]
[Site "https://www.chess.com"]
[Date "2024.01.09"]
[Round "3"]
[White "Doluhanova, Evgeniya"]
[Black "Avila Bautista, Roberto Al"]
[Result "0-1"]
[Board "144"]
[TimeControl "180+1"]
[WhiteFideId "14112035"]
[BlackFideId "5119987"]
[WhiteElo "2353"]
[BlackElo "2585"]
[WhiteTeam "UKR"]
[BlackTeam "MEX"]
[WhiteClock "0:00:02"]
[BlackClock "0:00:11"]

1. e4 c5 2. Nf3 g6 3. c4 Nc6 4. d4 cxd4 5. Nxd4 Bg7 6. Nxc6 bxc6 7. Nc3 Nf6 8. e5 Ng8 9. f4 Nh6 10. Bd3 O-O 11. O-O d6 12. Be4 Rb8 13. Be3 Qc7 14. exd6 exd6 15. Qd2 Ng4 16. Bd4 Rxb2 17. Qxb2 Bxd4+ 18. Kh1 Qa5 19. Rac1 Nxh2 20. f5 Ng4 21. Qd2 Qe5 22. Qf4 Bxc3 23. Qxg4 Bd4 24. Rce1 Qc5 25. Qf3 d5 26. cxd5 cxd5 27. Bxd5 Bxf5 28. Be4 Be6 29. g3 Qd6 30. Kg2 Qe7 31. Rh1 Qg5 32. Qf4 Qxf4 33. gxf4 Rb8 34. Re2 Rb4 35. Rb1 Ra4 36. Rb8+ Kg7 37. Bf3 Bxa2 38. Rb7 Bc4 39. Rd2 Bb6 40. Kg3 Ra3 41. Kg2 h5 42. Bd5 Bxd5+ 43. Rxd5 Ra2+ 44. Kg3 Ra3+ 45. Kg2 Ra5 46. Rxa5 Bxa5 47. Rxa7 Bd2 48. Kf3 Bc3 49. Rb7 Bf6 50. Rb5 Be7 51. Rb7 Bf8 52. Rb5 f6 53. Rb7+ Kh6 54. Rf7 Bg7 55. Kg2 g5 56. fxg5+ fxg5 57. Rb7 Kg6 58. Kh3 Bf6 59. Rb6 Kf5 60. Rb5+ Be5 61. Rb4 Bf6 62. Rc4 g4+ 63. Kg2 h4 64. Rc5+ Be5 65. Rb5 h3+ 66. Kh1 g3 67. Rb3 g2+ 68. Kg1 Bd4+ 69. Kh2 g1=Q+ 70. Kxh3 Qg4+ 71. Kh2 Be5+ 72. Kh1 Qd1+ 0-1

[Event "January 9 Late 2024"]
[Site "https://www.chess.com"]
[Date "2024.01.09"]
[Round "3"]
[White "Asish Panda"]
[Black "Sohier, Julien"]
[Result "0-1"]
[Board "145"]
[TimeControl "180+1"]
[WhiteFideId "45012458"]
[BlackFideId "645346"]
[WhiteElo "2577"]
[BlackElo "2344"]
[WhiteTeam "IND"]
[BlackTeam "FRA"]
[WhiteClock "0:01:11"]
[BlackClock "0:01:25"]

1. e4 e5 2. Nf3 Nc6 3. Bc4 Bc5 4. c3 Nf6 5. d3 O-O 6. Nbd2 d5 7. exd5 Nxd5 8. Ne4 Be7 9. Nfg5 h6 10. h4 Na5 11. Bxd5 Qxd5 12. Qf3 Qc6 13. Qg3 f5 14. Nd2 f4 15. Qh2 hxg5 16. hxg5 Bxg5 17. Qh7+ Kf7 18. Ne4 Qg6 19. Qh2 Bf5 20. Bd2 Bxe4 21. dxe4 Qxe4+ 22. Kd1 Rh8 23. Qxh8 Rxh8 24. Rxh8 Nc4 25. Bc1 Qd3+ 26. Ke1 f3 0-1

[Event "January 9 Late 2024"]
[Site "https://www.chess.com"]
[Date "2024.01.09"]
[Round "3"]
[White "Kekic, Armin"]
[Black "Espinoza Villanueva, Rodrigo"]
[Result "0-1"]
[Board "146"]
[TimeControl "180+1"]
[WhiteFideId "14401274"]
[BlackFideId "5140188"]
[WhiteElo "2342"]
[BlackElo "2576"]
[WhiteTeam "BIH"]
[BlackTeam "MEX"]
[WhiteClock "0:00:00"]
[BlackClock "0:00:07"]

1. e4 e5 2. Nf3 Nc6 3. Bb5 a6 4. Ba4 b5 5. Bb3 Nf6 6. d3 Be7 7. O-O O-O 8. a4 Bb7 9. Nc3 b4 10. Nd5 Na5 11. Nxe7+ Qxe7 12. c3 Nxb3 13. Qxb3 d5 14. Qxb4 c5 15. Qa3 dxe4 16. dxe4 Bxe4 17. Ng5 Bb7 18. Be3 Rac8 19. Nh3 Nd5 20. Rfe1 Rfe8 21. Kf1 Qh4 22. Bg5 Qg4 23. f3 Qc4+ 24. Kg1 e4 25. f4 h6 26. Bh4 e3 27. Qa2 Qe4 28. Qb1 Qe6 29. f5 Qc6 30. Re2 c4 31. Qf1 Re4 32. Bg3 Rce8 33. a5 Nf6 34. Rae1 Qc5 35. Nf4 Qxa5 36. Nh3 Qc5 37. Kh1 Qa5 38. Ng1 Qb5 39. Nf3 a5 40. Nd4 Qb6 41. Bf4 Nd5 42. Bg3 Nf6 43. Bf4 a4 44. Rxe3 Rxe3 45. Rxe3 Rxe3 46. Bxe3 Qxb2 47. Nf3 Qxc3 48. Bd4 Qd3 0-1

[Event "January 9 Late 2024"]
[Site "https://www.chess.com"]
[Date "2024.01.10"]
[Round "3"]
[White "Banerjee, Supratit"]
[Black "Jazdanovs, Aleksandrs"]
[Result "1-0"]
[Board "147"]
[TimeControl "180+1"]
[WhiteFideId "2410079"]
[BlackFideId "11604492"]
[WhiteElo "2576"]
[BlackElo "2323"]
[WhiteTeam "SCO"]
[BlackTeam "LAT"]
[WhiteClock "0:01:30"]
[BlackClock "0:00:08"]

1. e4 c5 2. c3 d6 3. d4 Nf6 4. Bd3 cxd4 5. cxd4 Nbd7 6. Nf3 e5 7. O-O Be7 8. Nc3 O-O 9. Re1 Re8 10. h3 b6 11. Be3 Bb7 12. Rc1 Rc8 13. Bb5 a6 14. Ba4 b5 15. Bb3 Nxe4 16. Nxe4 Bxe4 17. Rxc8 Qxc8 18. dxe5 Bxf3 19. Qxf3 Nxe5 20. Qd5 Qc6 21. Qxc6 Nxc6 22. Bd5 Nb8 23. Ba7 Kf8 24. Rc1 Nd7 25. Rc7 Nc5 26. Bc6 Rd8 27. Bb6 Rb8 28. Bxc5 dxc5 29. Ra7 b4 30. Rxa6 Rc8 31. Bd5 Rd8 32. Bc4 Rd6 33. Ra5 Rd8 34. g3 g6 35. Kg2 h5 36. Ra7 Rb8 37. Rc7 Re8 38. g4 hxg4 39. hxg4 Rd8 40. a4 bxa3 41. bxa3 Rd4 42. Bb5 Rxg4+ 43. Kf3 Rf4+ 44. Ke3 Rd4 45. a4 Bg5+ 46. Ke2 Kg7 47. Rxc5 Be7 48. Rc7 Bb4 49. Bc4 Rf4 50. Bb3 g5 51. Rb7 Bc5 52. f3 g4 53. fxg4 Kf6 54. Rxf7+ Kg5 55. Rxf4 Kxf4 56. Be6 Bb6 57. Kd3 Ke5 58. Bf5 1-0

[Event "January 9 Late 2024"]
[Site "https://www.chess.com"]
[Date "2024.01.09"]
[Round "3"]
[White "Antonio, Jorge Carlos"]
[Black "Brunner, Nicolas"]
[Result "0-1"]
[Board "148"]
[TimeControl "180+1"]
[WhiteFideId "113190"]
[BlackFideId "620246"]
[WhiteElo "2320"]
[BlackElo "2573"]
[WhiteTeam "ARG"]
[BlackTeam "FRA"]
[WhiteClock "0:00:41"]
[BlackClock "0:01:22"]

1. d4 d5 2. Nf3 Nf6 3. Bf4 e6 4. e3 c5 5. c3 Nc6 6. Bd3 Bd6 7. Bxd6 Qxd6 8. O-O O-O 9. Nbd2 e5 10. dxe5 Nxe5 11. Nxe5 Qxe5 12. Nf3 Qe7 13. Bc2 Bg4 14. h3 Bh5 15. Bd3 Rad8 16. Be2 Ne4 17. Qc2 Bg6 18. Qa4 a6 19. Rfd1 h6 20. Rac1 Qf6 21. Qb3 b5 22. Qa3 Rfe8 23. Rf1 Bh5 24. Rce1 Bxf3 25. Bxf3 Nd2 26. Be2 Nxf1 27. Rxf1 g5 28. g3 Kg7 29. Kg2 d4 30. cxd4 cxd4 31. f4 Rxe3 32. fxg5 Rxe2+ 33. Kg1 Qxg5 34. Qf3 Qe3+ 0-1

[Event "January 9 Late 2024"]
[Site "https://www.chess.com"]
[Date "2024.01.10"]
[Round "3"]
[White "Haack, Kevin"]
[Black "Tulchynskyi, Feliks"]
[Result "0-1"]
[Board "149"]
[TimeControl "180+1"]
[WhiteFideId "16228715"]
[BlackFideId "34127895"]
[WhiteElo "2308"]
[BlackElo "2571"]
[WhiteTeam "GER"]
[BlackTeam "UKR"]
[WhiteClock "0:01:29"]
[BlackClock "0:02:21"]

1. c4 Nf6 2. Nc3 e6 3. e4 d5 4. e5 d4 5. exf6 dxc3 6. bxc3 Qxf6 7. d4 c5 8. Nf3 cxd4 9. Be2 dxc3 10. Bg5 c2 11. Qd3 Qxa1+ 12. Kd2 Bb4+ 13. Ke3 c1=Q+ 14. Rxc1 Qxc1+ 15. Ke4 f5+ 16. Ke5 Nc6# 0-1

[Event "January 9 Late 2024"]
[Site "https://www.chess.com"]
[Date "2024.01.10"]
[Round "3"]
[White "Ambartsumova, Karina"]
[Black "Graham, Nathaniel"]
[Result "1-0"]
[Board "150"]
[TimeControl "180+1"]
[WhiteFideId "4166299"]
[BlackFideId "2007983"]
[WhiteElo "2571"]
[BlackElo "2315"]
[WhiteTeam "RUS"]
[BlackTeam "USA"]
[WhiteClock "0:01:51"]
[BlackClock "0:00:00"]

1. d4 d5 2. c4 c6 3. Nf3 Nf6 4. g3 Bf5 5. Qb3 Qb6 6. Nc3 e6 7. c5 Qxb3 8. axb3 Nbd7 9. b4 e5 10. dxe5 Ne4 11. Bf4 g6 12. Nd4 Bg7 13. Nxf5 gxf5 14. Bh3 Nxe5 15. Bxf5 Nxc3 16. bxc3 O-O 17. O-O Rfe8 18. Rfe1 Re7 19. Kg2 a6 20. Rad1 Rae8 21. Bg5 Rc7 22. e4 1-0

[Event "January 9 Late 2024"]
[Site "https://www.chess.com"]
[Date "2024.01.10"]
[Round "3"]
[White "Olsson, William"]
[Black "Sarkar, Justin"]
[Result "1-0"]
[Board "151"]
[TimeControl "180+1"]
[WhiteFideId "1741721"]
[BlackFideId "2010011"]
[WhiteElo "2568"]
[BlackElo "2305"]
[WhiteTeam "SWE"]
[BlackTeam "USA"]
[WhiteClock "0:01:55"]
[BlackClock "0:00:20"]

1. c4 Nf6 2. g3 d6 3. Bg2 g6 4. Nc3 Bg7 5. Nf3 O-O 6. O-O e5 7. d4 exd4 8. Nxd4 Nbd7 9. e4 Nc5 10. h3 a5 11. Be3 Re8 12. Qc2 c6 13. b3 Qe7 14. Rae1 Nfxe4 15. Nxe4 Nxe4 16. Bxe4 Qxe4 17. Bd2 1-0

[Event "January 9 Late 2024"]
[Site "https://www.chess.com"]
[Date "2024.01.09"]
[Round "3"]
[White "Da Matta, Eduardo Cesar"]
[Black "Bellahcene, Bilel"]
[Result "0-1"]
[Board "152"]
[TimeControl "180+1"]
[WhiteFideId "2193108"]
[BlackFideId "696358"]
[WhiteElo "2303"]
[BlackElo "2567"]
[WhiteTeam "BRA"]
[BlackTeam "ALG"]
[WhiteClock "0:00:10"]
[BlackClock "0:01:07"]

1. d4 Nf6 2. c4 b6 3. Nc3 Bb7 4. f3 d5 5. cxd5 Nxd5 6. e4 Nxc3 7. bxc3 e5 8. Be3 Bd6 9. Bd3 Qh4+ 10. g3 Qe7 11. Ne2 O-O 12. O-O Nd7 13. Qc2 Kh8 14. Rae1 Rae8 15. a4 a5 16. Kg2 Qd8 17. Kg1 Qa8 18. Bb5 Bc6 19. Bd3 Re7 20. d5 Bb7 21. f4 Bc5 22. Rf3 Bxe3+ 23. Rxe3 Nc5 24. f5 f6 25. g4 g5 26. fxg6 hxg6 27. Rh3+ Rh7 28. Rxh7+ Kxh7 29. Rf1 Kg7 30. Ng3 Qc8 31. h3 Qd7 32. Be2 Qxa4 33. Qd2 Nxe4 34. Nxe4 Qxe4 35. Bf3 Qf4 36. Qd3 Qg3+ 0-1

[Event "January 9 Late 2024"]
[Site "https://www.chess.com"]
[Date "2024.01.10"]
[Round "3"]
[White "Kargosha, Bahman"]
[Black "Potapova, Margarita"]
[Result "1-0"]
[Board "153"]
[TimeControl "180+1"]
[WhiteFideId "12503452"]
[BlackFideId "14126869"]
[WhiteElo "2298"]
[BlackElo "2565"]
[WhiteTeam "AUS"]
[BlackTeam "RUS"]
[WhiteClock "0:00:09"]
[BlackClock "0:00:02"]

1. d4 Nf6 2. c4 g6 3. Nc3 Bg7 4. e4 O-O 5. Nf3 d6 6. h3 e5 7. d5 Nh5 8. g3 f5 9. exf5 gxf5 10. Nh4 Nf4 11. Be3 Bd7 12. Qd2 Na6 13. Rg1 Kh8 14. O-O-O Nc5 15. gxf4 Qxh4 16. Rxg7 Kxg7 17. fxe5 f4 18. Bd4 Bf5 19. e6+ Kh6 20. f3 Rg8 21. b4 b6 22. bxc5 bxc5 23. Ne2 cxd4 24. Nxd4 Bg6 25. Bd3 Rab8 26. Bf5 Rb6 27. Rg1 Rgb8 28. Bxg6 hxg6 29. Nb3 Qf6 30. Rg4 g5 31. h4 gxh4 32. Rxf4 Qg5 33. Rxh4+ Kg6 34. Rg4 Qxg4 35. fxg4 Rb4 36. Qd3+ Kg7 37. Kc2 a5 38. a3 R4b6 39. Qf3 a4 40. Qf7+ Kh6 41. Nd4 Rb2+ 42. Kd3 Kg5 43. Qf5+ Kh4 44. Qh5+ Kg3 45. Ne2+ Kf3 46. Qh3+ Kf2 47. Qe3+ Kg2 48. Nf4+ Kf1 49. Qf3+ Ke1 50. Ng2+ Rxg2 51. Qxg2 Rb3+ 52. Kd4 Kd1 53. e7 Kc1 54. e8=Q Kb1 55. Qe1# 1-0

[Event "January 9 Late 2024"]
[Site "https://www.chess.com"]
[Date "2024.01.09"]
[Round "3"]
[White "Tabuenca Mendataurigoitia, Daniel"]
[Black "Lopez Del Alamo, Antonio"]
[Result "1-0"]
[Board "154"]
[TimeControl "180+1"]
[WhiteFideId "24563617"]
[BlackFideId "2227339"]
[WhiteElo "2564"]
[BlackElo "2298"]
[WhiteTeam "ESP"]
[BlackTeam "ESP"]
[WhiteClock "0:00:29"]
[BlackClock "0:00:12"]

1. Nf3 Nf6 2. g3 g6 3. Bg2 Bg7 4. O-O O-O 5. d3 d5 6. Nbd2 d4 7. e4 dxe3 8. fxe3 c5 9. e4 Nc6 10. a4 Ng4 11. Nc4 Be6 12. Ne3 Bxb2 13. Bxb2 Nxe3 14. Qd2 Nxf1 15. Qh6 f6 16. Ng5 Rf7 17. Nxe6 Qc8 18. Bh3 Nxg3 19. hxg3 Qb8 20. Kg2 Qd6 21. Rf1 Nd4 22. Bxd4 cxd4 23. Qf4 Qc6 24. Nxd4 Qc3 25. Qf2 Rd8 26. Nb5 Qb4 27. Be6 Qxa4 28. Bxf7+ Kxf7 29. Nc3 Qa5 30. Nd5 Qc5 31. Qxc5 1-0

[Event "January 9 Late 2024"]
[Site "https://www.chess.com"]
[Date "2024.01.09"]
[Round "3"]
[White "Hajiyev, Kanan"]
[Black "Kaganskiy, Gleb"]
[Result "1-0"]
[Board "155"]
[TimeControl "180+1"]
[WhiteFideId "13404148"]
[BlackFideId "4132025"]
[WhiteElo "2561"]
[BlackElo "2279"]
[WhiteTeam "AZE"]
[BlackTeam "ISR"]
[WhiteClock "0:00:30"]
[BlackClock "0:00:40"]

1. d4 d5 2. Nf3 Nf6 3. c4 e6 4. cxd5 exd5 5. Nc3 c6 6. Qc2 Be7 7. Bf4 O-O 8. e3 Bg4 9. Ne5 Bh5 10. Bd3 Bg6 11. Nxg6 hxg6 12. h4 Re8 13. O-O-O Nbd7 14. Kb1 b5 15. Ne2 Nb6 16. Qxc6 Nc4 17. Qc7 Qxc7 18. Bxc7 Ne4 19. Bxe4 dxe4 20. Ng3 f5 21. h5 Kf7 22. b3 Na3+ 23. Kb2 Rac8 24. Rc1 Bb4 25. hxg6+ Kxg6 26. Rc6+ Kf7 27. Nxf5 Rh8 28. Rhc1 Rh5 29. g4 Rh3 30. Bd6 Rxc6 31. Rxc6 Rh1 32. Bxb4 Rb1+ 33. Kxa3 1-0

[Event "January 9 Late 2024"]
[Site "https://www.chess.com"]
[Date "2024.01.10"]
[Round "3"]
[White "Kandil, Ahmed"]
[Black "Kornyukov, Alexey"]
[Result "1-0"]
[Board "156"]
[TimeControl "180+1"]
[WhiteFideId "10628401"]
[BlackFideId "4150457"]
[WhiteElo "2559"]
[BlackElo "2263"]
[WhiteTeam "EGY"]
[BlackTeam "RUS"]
[WhiteClock "0:01:12"]
[BlackClock "0:00:00"]

1. e4 c5 2. Nf3 Nc6 3. Bb5 e6 4. O-O Nge7 5. Re1 a6 6. Bf1 d5 7. exd5 Nxd5 8. d4 Nf6 9. Be3 cxd4 10. Nxd4 Bd7 11. Nc3 Be7 12. Qe2 Qc7 13. Rad1 O-O 14. Qf3 Rac8 15. Bd3 Ne5 16. Qe2 Nxd3 17. Qxd3 Rfd8 18. Bg5 h6 19. Bh4 e5 20. Bg3 Bd6 21. Nf5 Bxf5 22. Qxf5 Re8 23. Bh4 Re6 24. Bxf6 Rxf6 25. Qe4 Bc5 26. Rd2 Qc6 27. Qxc6 Rcxc6 28. Ne4 Rfe6 29. Nxc5 Rxc5 30. c3 Rc7 31. Rd8+ Kh7 32. Rd5 Rce7 33. Kf1 f5 34. f4 exf4 35. Rxe6 Rxe6 36. Rxf5 Re4 37. Kf2 Kg6 38. Rd5 1-0

[Event "January 9 Late 2024"]
[Site "https://www.chess.com"]
[Date "2024.01.09"]
[Round "3"]
[White "Harish, Neeraj"]
[Black "Carnicelli, Valerio"]
[Result "0-1"]
[Board "157"]
[TimeControl "180+1"]
[WhiteFideId "30958130"]
[BlackFideId "856185"]
[WhiteElo "2260"]
[BlackElo "2559"]
[WhiteTeam "USA"]
[BlackTeam "ITA"]
[WhiteClock "0:00:02"]
[BlackClock "0:00:10"]

1. e4 c5 2. Nf3 d6 3. d4 cxd4 4. Nxd4 Nf6 5. Nc3 a6 6. Be3 e5 7. Nb3 Be7 8. f3 h5 9. Qd2 Be6 10. Nd5 Bxd5 11. exd5 Nbd7 12. O-O-O b5 13. Na5 Rc8 14. Nc6 Qc7 15. Nxe7 Kxe7 16. Kb1 Nb6 17. Be2 Nc4 18. Bxc4 Qxc4 19. c3 a5 20. f4 e4 21. Rhe1 Rhe8 22. Bd4 Kd7 23. Bxf6 gxf6 24. Qd4 Qxd4 25. Rxd4 f5 26. Kc2 Rg8 27. Re2 Rg4 28. g3 h4 29. Re3 Rcg8 30. a4 hxg3 31. hxg3 Rxg3 32. Rxg3 Rxg3 33. axb5 Kc7 34. Rc4+ Kb6 35. Rc6+ Kxb5 36. Rxd6 Rg2+ 37. Kb3 a4+ 38. Ka3 Rf2 39. Rf6 Rxf4 40. Rxf7 e3 41. d6 Kc6 42. d7 Kc7 43. Rh7 e2 44. Re7 Re4 0-1

[Event "January 9 Late 2024"]
[Site "https://www.chess.com"]
[Date "2024.01.10"]
[Round "3"]
[White "Erzhanov, Arman"]
[Black "Bastos Seixas, Pedro Lucas"]
[Result "1-0"]
[Board "158"]
[TimeControl "180+1"]
[WhiteFideId "4138821"]
[BlackFideId "2150859"]
[WhiteElo "2555"]
[BlackElo "2251"]
[WhiteTeam "KAZ"]
[BlackTeam "BRA"]
[WhiteClock "0:01:19"]
[BlackClock "0:00:39"]

1. e4 c5 2. Nf3 e6 3. b3 Nc6 4. Bb5 a6 5. Bxc6 dxc6 6. d3 Ne7 7. O-O h5 8. e5 b5 9. Nbd2 Bb7 10. Ne4 Nf5 11. c4 Be7 12. Ba3 b4 13. Bc1 a5 14. Qe2 a4 15. Be3 axb3 16. axb3 Nd4 17. Bxd4 cxd4 18. Rxa8 Bxa8 19. Qa2 O-O 20. c5 Qd5 21. Rc1 f5 22. exf6 Bxf6 23. Nxf6+ gxf6 24. Qe2 e5 25. Nh4 Qf7 26. Nf5 Kh7 27. Qe4 Qg6 28. Ra1 Bb7 29. Ra7 Rf7 30. Nd6 Qxe4 31. dxe4 Rd7 32. Rxb7 Rxb7 33. Nxb7 Kg6 34. Na5 f5 35. f3 fxe4 36. fxe4 Kg5 37. g3 Kg4 38. Nxc6 d3 39. Kf2 Kh3 40. Nxe5 d2 41. Ke2 Kxh2 42. Kxd2 Kxg3 43. Ng6 Kg4 44. c6 1-0

[Event "January 9 Late 2024"]
[Site "https://www.chess.com"]
[Date "2024.01.09"]
[Round "3"]
[White "Ferriz Barrios, Andres"]
[Black "Maltsevskaya, Aleksandra"]
[Result "0-1"]
[Board "159"]
[TimeControl "180+1"]
[WhiteFideId "5104467"]
[BlackFideId "24174041"]
[WhiteElo "2232"]
[BlackElo "2555"]
[WhiteTeam "MEX"]
[BlackTeam "POL"]
[WhiteClock "0:00:00"]
[BlackClock "0:01:36"]

1. d4 Nf6 2. Nf3 g6 3. Nc3 Bg7 4. Bf4 d6 5. Qd2 O-O 6. O-O-O c6 7. e4 b5 8. Bd3 b4 9. Ne2 Qa5 10. Kb1 Be6 11. Nc1 Nbd7 12. h4 Nb6 13. Nb3 Bxb3 14. axb3 c5 15. Bh6 c4 16. Bxg7 Kxg7 17. bxc4 Na4 18. h5 Nc3+ 19. bxc3 bxc3 20. Qg5 Rab8+ 21. Qb5 Qa3 0-1

[Event "January 9 Late 2024"]
[Site "https://www.chess.com"]
[Date "2024.01.09"]
[Round "3"]
[White "Skurikhin, Dmitrij"]
[Black "Van Dael, Siem"]
[Result "0-1"]
[Board "160"]
[TimeControl "180+1"]
[WhiteFideId "4161297"]
[BlackFideId "1049771"]
[WhiteElo "2230"]
[BlackElo "2554"]
[WhiteTeam "RUS"]
[BlackTeam "NED"]
[WhiteClock "0:00:00"]
[BlackClock "0:00:07"]

1. d4 Nf6 2. Nf3 g6 3. c4 Bg7 4. Nc3 d6 5. e4 O-O 6. Be2 Nbd7 7. O-O e5 8. Re1 Re8 9. Bg5 h6 10. Be3 Ng4 11. Bc1 exd4 12. Nxd4 Ngf6 13. Bf1 Nc5 14. f3 a5 15. Nb3 Be6 16. Be3 b6 17. Qd2 Kh7 18. Nd4 Bd7 19. Rad1 Re5 20. Ndb5 Bxb5 21. Nxb5 Qe7 22. Bd4 Nh5 23. Nc3 c6 24. f4 Nxe4 25. Qc1 Nxc3 26. fxe5 Nxd1 27. Qxd1 Bxe5 28. Bf2 Qf6 29. g3 c5 30. Bg2 Re8 31. b3 Re7 32. Rf1 Bd4 33. Bxd4 Qxd4+ 34. Qxd4 cxd4 35. Rd1 Re2 36. Rxd4 Rxa2 37. Rxd6 Rb2 38. Rxb6 a4 39. b4 a3 40. Ra6 a2 41. Bf1 Nf6 42. c5 Nd5 43. b5 Nc7 44. Ra7 Nxb5 45. Bxb5 Rb1+ 46. Kg2 a1=Q 47. Rxa1 Rxa1 48. c6 Rc1 49. Kf3 Rc5 50. Ke4 Rxb5 51. Kd4 Rb2 52. Kd5 Rxh2 53. c7 Rc2 54. c8=Q Rxc8 0-1

[Event "January 9 Late 2024"]
[Site "https://www.chess.com"]
[Date "2024.01.09"]
[Round "3"]
[White "Keller, Peter"]
[Black "Tan, Ralph"]
[Result "1-0"]
[Board "161"]
[TimeControl "180+1"]
[WhiteFideId "1272105"]
[BlackFideId "30966590"]
[WhiteElo "2230"]
[BlackElo "2553"]
[WhiteTeam "GER"]
[BlackTeam "USA"]
[WhiteClock "0:00:07"]
[BlackClock "0:00:26"]

1. e4 c6 2. d4 d5 3. e5 c5 4. c3 Nc6 5. Be2 Bf5 6. Nf3 e6 7. O-O Rc8 8. a3 cxd4 9. cxd4 Nge7 10. Nc3 Ng6 11. Bg5 Be7 12. Bxe7 Qxe7 13. Nb5 O-O 14. Nd6 Rcd8 15. Rc1 Nf4 16. b4 Bg6 17. Bb5 f6 18. Bxc6 bxc6 19. Rxc6 fxe5 20. dxe5 Be4 21. Rc3 g5 22. Qd2 g4 23. Ne1 Qh4 24. Rg3 Kh8 25. f3 gxf3 26. Nxf3 Qh5 27. Kh1 Bxf3 28. Rgxf3 Qxe5 29. Rxf4 Rxf4 30. Qxf4 Qxf4 31. Rxf4 Rxd6 32. Kg1 Kg7 33. Kf2 Kg6 34. Rg4+ Kf5 35. Rg7 a6 36. Rxh7 d4 37. Ke2 e5 38. h4 Ke4 39. Rg7 Rc6 40. Rg4+ Kd5 41. Kd2 e4 42. Rg5+ Kc4 43. Rc5+ Rxc5 44. bxc5 e3+ 45. Ke2 Kc3 46. c6 d3+ 47. Kxe3 d2 48. c7 d1=Q 49. c8=Q+ Kb3 50. Qb7+ Ka2 51. Qxa6 Qe1+ 52. Qe2+ Qxe2+ 53. Kxe2 Kxa3 54. h5 Kb4 55. h6 Kc5 56. h7 Kd6 57. h8=Q Ke7 58. Qh3 Kf6 59. Qf3+ Kg5 60. Kf2 Kh4 61. Qg3+ Kh5 62. Kf3 Kh6 63. Kf4 Kh7 64. Kf5 Kh8 65. Kf6 Kh7 66. Qg7# 1-0

[Event "January 9 Late 2024"]
[Site "https://www.chess.com"]
[Date "2024.01.09"]
[Round "3"]
[White "Bullen, Alex"]
[Black "Leenhouts, Koen"]
[Result "0-1"]
[Board "162"]
[TimeControl "180+1"]
[WhiteFideId "1801627"]
[BlackFideId "1008439"]
[WhiteElo "2215"]
[BlackElo "2552"]
[WhiteTeam "WLS"]
[BlackTeam "NED"]
[WhiteClock "0:00:00"]
[BlackClock "0:00:05"]

1. d4 Nf6 2. Nf3 c5 3. d5 g6 4. Nc3 Bg7 5. e4 O-O 6. Bc4 e6 7. O-O exd5 8. exd5 d6 9. h3 Bf5 10. Bf4 a6 11. a4 Qc7 12. Re1 Nbd7 13. Bf1 Rfe8 14. Rxe8+ Rxe8 15. Nd2 Nh5 16. Bh2 Nhf6 17. Nc4 Ne5 18. Bxe5 dxe5 19. d6 Qd8 20. a5 e4 21. Nd5 Nxd5 22. Qxd5 Bd4 23. c3 Be6 24. Qxb7 Bc8 25. Qb6 Bxf2+ 26. Kxf2 Qh4+ 27. Kg1 e3 28. Nxe3 Rxe3 29. Qxc5 Re8 30. Rd1 Bd7 31. Bxa6 Bxh3 32. d7 Rd8 33. gxh3 Qg3+ 34. Kf1 Qxh3+ 35. Ke2 Qg2+ 36. Ke1 Qe4+ 37. Kf2 Qf4+ 38. Kg2 Qg4+ 39. Kh2 Qxd1 40. Bb5 Qd2+ 41. Kh1 Qxb2 0-1

[Event "January 9 Late 2024"]
[Site "https://www.chess.com"]
[Date "2024.01.09"]
[Round "3"]
[White "Glashausser, Sho"]
[Black "Grutter, Tim"]
[Result "0-1"]
[Board "163"]
[TimeControl "180+1"]
[WhiteFideId "30908329"]
[BlackFideId "1057472"]
[WhiteElo "2182"]
[BlackElo "2552"]
[WhiteTeam "USA"]
[BlackTeam "NED"]
[WhiteClock "0:00:00"]
[BlackClock "0:00:46"]

1. Nf3 d5 2. g3 Nc6 3. d4 Bg4 4. Bg2 Qd7 5. h3 Bf5 6. c3 h5 7. Qb3 O-O-O 8. a4 f6 9. a5 a6 10. Nbd2 e5 11. dxe5 fxe5 12. Nh4 Bh7 13. e4 dxe4 14. Nxe4 Nf6 15. Nxf6 gxf6 16. O-O Bg8 17. Qa4 Bd5 18. Be3 Bxg2 19. Kxg2 f5 20. Bg5 Re8 21. Rad1 Qe6 22. Rfe1 Rg8 23. Bc1 f4 24. Kh2 Bc5 25. Bxf4 Bxf2 26. Re2 Bc5 27. Nf3 Bd6 28. Qc2 Qf7 29. Nxe5 Nxe5 0-1

[Event "January 9 Late 2024"]
[Site "https://www.chess.com"]
[Date "2024.01.09"]
[Round "3"]
[White "Yurasov, Matfey"]
[Black "Tqebuchava, Zurab"]
[Result "1-0"]
[Board "164"]
[TimeControl "180+1"]
[WhiteFideId "55617603"]
[BlackFideId "13601113"]
[WhiteElo "2551"]
[BlackElo "2180"]
[WhiteTeam "FID"]
[BlackTeam "GEO"]
[WhiteClock "0:01:35"]
[BlackClock "0:00:00"]

1. e4 e5 2. Nf3 Nc6 3. Bc4 Be7 4. O-O Nf6 5. d3 h6 6. Nc3 O-O 7. a3 d6 8. h3 Be6 9. Be3 Bxc4 10. dxc4 Nb8 11. Qe2 c6 12. Rad1 Qc7 13. Nh4 Re8 14. Nf5 Bf8 15. Qf3 Nbd7 16. Qg3 Kh7 17. Qh4 Ng8 18. f4 exf4 19. Bxf4 Ne5 20. b3 Ng6 21. Qg3 Nxf4 22. Qxf4 Qb6+ 23. Kh1 Qc5 24. Nxd6 Bxd6 25. Rxd6 Nf6 26. Qd2 Qe5 27. Rf5 Qg3 28. Rd3 Qg6 29. Rdf3 Rad8 30. Qf2 Nxe4 31. Nxe4 Rd1+ 32. Kh2 Rxe4 33. Rg3 Qd6 34. Rxf7 Re7 35. Qf5+ 1-0

[Event "January 9 Late 2024"]
[Site "https://www.chess.com"]
[Date "2024.01.09"]
[Round "3"]
[White "Dahlgren, James Allen"]
[Black "Srdanovic, Jovana"]
[Result "0-1"]
[Board "165"]
[TimeControl "180+1"]
[WhiteFideId "22256873"]
[BlackFideId "954810"]
[WhiteElo "2119"]
[BlackElo "2551"]
[WhiteTeam "ESP"]
[BlackTeam "SRB"]
[WhiteClock "0:01:59"]
[BlackClock "0:02:22"]

1. d3 d5 2. f4 Nf6 3. Nf3 Nc6 4. g3 h5 5. Bg2 Bg4 6. Nbd2 e6 7. O-O Bc5+ 8. Kh1 Qb8 9. c3 Qc8 10. e4 dxe4 11. dxe4 h4 12. Qe1 h3 13. b4 hxg2+ 14. Kxg2 Bh3+ 0-1

[Event "January 9 Late 2024"]
[Site "https://www.chess.com"]
[Date "2024.01.09"]
[Round "3"]
[White "Yushko, Olga"]
[Black "Aliakbarov, Anar"]
[Result "0-1"]
[Board "166"]
[TimeControl "180+1"]
[WhiteFideId "14114500"]
[BlackFideId "13401858"]
[WhiteElo "2117"]
[BlackElo "2550"]
[WhiteTeam "UKR"]
[BlackTeam "TUR"]
[WhiteClock "0:00:00"]
[BlackClock "0:00:59"]

1. d4 Nf6 2. c4 g6 3. Nc3 Bg7 4. Nf3 O-O 5. Bg5 d6 6. e3 c5 7. Be2 Nc6 8. O-O h6 9. Bh4 g5 10. Bg3 Nh5 11. dxc5 Nxg3 12. hxg3 dxc5 13. Qc2 Be6 14. Rfd1 Qa5 15. Nd5 Rfe8 16. Qe4 Rad8 17. Bd3 Nb4 18. Nxb4 Qxb4 19. a3 Qb3 20. Be2 b6 21. Rab1 Rxd1+ 22. Bxd1 Qxc4 23. Bc2 Qxe4 24. Bxe4 Rd8 25. Kf1 Ba2 0-1

[Event "January 9 Late 2024"]
[Site "https://www.chess.com"]
[Date "2024.01.09"]
[Round "3"]
[White "Pasti, Aron"]
[Black "De Souza, Arthur Olintho"]
[Result "1-0"]
[Board "167"]
[TimeControl "180+1"]
[WhiteFideId "785857"]
[BlackFideId "2116200"]
[WhiteElo "2550"]
[BlackElo "2094"]
[WhiteTeam "HUN"]
[BlackTeam "BRA"]
[WhiteClock "0:00:47"]
[BlackClock "0:00:37"]

1. e4 e6 2. d4 d5 3. Nc3 Bb4 4. e5 Qd7 5. Qg4 f5 6. Qg3 b6 7. h4 Ba6 8. Bxa6 Nxa6 9. h5 c5 10. Nf3 cxd4 11. Nxd4 Nc5 12. Bd2 Ne4 13. Nxe4 dxe4 14. Bxb4 Qxd4 15. c3 Qd7 16. Rd1 Qf7 17. O-O Nh6 18. Rd4 Rd8 19. Rfd1 Rxd4 20. Rxd4 Ng4 21. f3 a5 22. Ba3 Ne3 23. Qg5 Nd5 24. c4 h6 25. Qd2 e3 26. Qd3 Qc7 27. cxd5 Qc1+ 28. Kh2 Qe1 29. Qb5+ Kf7 30. dxe6+ Kg8 31. Qe8+ Kh7 32. Qg6+ Kg8 33. Rd8# 1-0